AoeStats
← jonlnmz

Arena

503799737Analyzed
2v2 RM · 29d ago on Sep 2, 2026· 69m 40s· 4 players
Game mode
Random Map
Map size
Medium (4 player)
Population
200
Speed
Normal
Resources
Standard
Victory
Conquest
Starting age
Dark Age
Ending age
Imperial Age
RankedLock teamsTeams togetherTeam positionsShared explorationLock speedFull tech treeHidden civsTurbo modeCheats
Victory
Defeat
🇮🇳 Khmer · India
748
+13
🇨🇳 Teutons · China
369
+28
🇩🇪 Ethiopians · Germany
732
-23
🇪🇸 Bohemians · Spain
639
-22
jonlnmz
10:30 Feudal Age
12:38 Horse Collar
14:58 Double-Bit Axe
21:08 Castle Age
22:09 Loom
22:01 Pikeman
22:41 Squires
24:51 Bow Saw
24:44 Heavy Plow
26:18 Wheelbarrow
28:49 Hand Cart
29:32 Town Watch
32:14 Town Patrol
34:35 Chemistry
33:16 Treadmill Crane
35:18 Fletching
35:28 Padded Archer Armor
35:39 Forging
35:30 Scale Mail Armor
35:39 Wagenburg Tactics
35:50 Caravan
38:28 Bodkin Arrow
38:48 Leather Archer Armor
39:12 Iron Casting
38:52 Chain Mail Armor
42:17 Imperial Age
41:34 Ballistics
42:44 Houfnice
44:57 Halberdier
48:31 Onager
51:42 Bracer
52:13 Ring Archer Armor
52:56 Heavy Scorpion
55:24 Hussite Reforms
55:41 Conscription
55:35 Heavy Scorpion
57:09 Arson
58:15 Elite Hussite Wagon
61:39 Plate Mail Armor
62:10 Blast Furnace
67:28 Two-Man Saw
Kehrbert
9:34 Feudal Age
13:05 Loom
16:00 Castle Age
14:23 Stone Mining
15:06 Double-Bit Axe
16:48 Loom
17:53 Horse Collar
20:41 Gold Mining
25:24 Herbal Medicine
25:39 Heavy Plow
26:38 Squires
26:51 Arson
33:03 Imperial Age
30:20 Town Watch
33:09 Murder Holes
33:30 Bow Saw
34:17 Conscription
35:18 Forging
35:09 Scale Mail Armor
34:50 Crossbowman
36:11 Gold Shaft Mining
36:31 Ballistics
38:47 Siege Engineers
38:57 Masonry
39:54 Iron Casting
41:14 Fortified Wall
41:23 Chain Mail Armor
42:08 Blast Furnace
41:52 Wheelbarrow
41:17 Town Patrol
42:40 Royal Heirs
42:14 Arbalester
44:48 Thumb Ring
45:00 Fletching
45:10 Padded Archer Armor
45:18 Town Patrol
45:33 Hand Cart
47:39 Two-Man Saw
48:49 Bodkin Arrow
49:10 Leather Archer Armor
50:35 Chemistry
52:03 Architecture
52:15 Bracer
52:46 Ring Archer Armor
53:55 Elite Skirmisher
55:06 Halberdier
56:49 Blast Furnace
56:20 Plate Mail Armor
59:35 Royal Heirs
QNCMLT
11:46 Feudal Age
12:55 Loom
16:05 Castle Age
14:40 Double-Bit Axe
14:39 Horse Collar
24:57 Gambesons
26:37 Ballistics
28:06 Fletching
28:16 Scale Mail Armor
28:27 Forging
30:48 Heavy Plow
31:26 Wheelbarrow
31:10 Masonry
32:07 Bow Saw
32:11 Stone Mining
33:06 Ironclad
36:24 Imperial Age
34:54 Gold Mining
35:27 Squires
35:13 Arson
35:47 Chain Mail Armor
36:07 Iron Casting
36:37 Bodkin Arrow
37:32 Elite Teutonic Knight
38:33 Crenellations
38:48 Hoardings
38:35 Conscription
39:12 Plate Mail Armor
40:25 Blast Furnace
40:48 Chemistry
48:58 Caravan
49:12 Scale Barding Armor
49:23 Bloodlines
48:35 Cavalier
50:49 Chain Barding Armor
51:05 Paladin
55:01 Plate Barding Armor
pussy noodles
12:05 Feudal Age
20:40 Castle Age
19:57 Double-Bit Axe
19:54 Horse Collar
26:19 Stone Mining
26:19 Gold Mining
28:59 Fortified Wall
30:41 Wheelbarrow
29:51 Town Watch
29:52 Loom
30:25 Scale Barding Armor
30:26 Light Cavalry
32:14 Hand Cart
32:53 Town Patrol
33:19 Bloodlines
34:04 Chain Barding Armor
33:48 Husbandry
37:34 Imperial Age
35:19 Heavy Plow
36:04 Forging
37:30 Stone Shaft Mining
37:30 Gold Shaft Mining
36:58 Murder Holes
37:23 Ballistics
37:15 Masonry
37:44 Iron Casting
37:44 Elite Ballista Elephant
38:24 Double Crossbow
38:45 Conscription
39:01 Hoardings
39:10 Crop Rotation
38:55 Bow Saw
39:42 Plate Barding Armor
38:58 Hussar
40:45 Double Crossbow
42:09 Blast Furnace
41:32 Siege Engineers
45:42 Chemistry
45:12 Architecture
47:11 Fletching
Connection lost

Rejoining the realm…

Still unreachable

The connection could not be restored.

Session expired

The server has moved on; the page needs a fresh start.